[Event "2025 Chess.com Botwinnik Rapid toernooi"]
[Site "Zoetermeer, Netherlands"]
[Date "????.??.??"]
[Round "1.1"]
[White "Bruschke, Alexander"]
[Black "Vrolijk, Liam"]
[Result "0-1"]
[TimeControl "15+5"]
[BlackTitle "GM"]
[WhiteFideId "8384156"]
[BlackFideId "8428871"]
[WhiteElo "1974"]
[BlackElo "2510"]

1. e4 c5 2. Nc3 d6 3. f4 g6 4. Nf3 Bg7 5. g3 Nc6 6. Bg2 Rb8 7. O-O b5 8. d3 b4 9. Ne2 e6 10. d4 Ba6 11. c3 bxc3 12. bxc3 cxd4 13. Nexd4 Nxd4 14. cxd4 Bxf1 15. Bxf1 Ne7 16. Be3 O-O 17. Qd2 Qd7 18. Rd1 Rfc8 19. d5 exd5 20. exd5 Qa4 21. Rc1 Rxc1 22. Qxc1 Nxd5 23. Bf2 Nc3 24. Qd2 Ne4 25. Qd3 Nxf2 26. Qxd6 Rb2 27. Qd8+ Bf8 28. Ng5 Qc2 29. Qd7 Qf5 30. Qxa7 Nh3+ 0-1

[Event "2025 Chess.com Botwinnik Rapid toernooi"]
[Site "Zoetermeer, Netherlands"]
[Date "????.??.??"]
[Round "1.2"]
[White "Lai, Hing Ting"]
[Black "Kool, Jesper"]
[Result "1-0"]
[TimeControl "15+5"]
[WhiteTitle "IM"]
[WhiteFideId "8324987"]
[BlackFideId "8711659"]
[WhiteElo "2484"]
[BlackElo "1973"]

1. d4 d5 2. Nf3 e6 3. Bf4 c5 4. e3 Nf6 5. Nbd2 Nc6 6. c3 Bd6 7. Bg3 O-O 8. Bb5 Bxg3 9. hxg3 c4 10.
b3 cxb3 11. axb3 Bd7 12. Bd3 Qc7 13. e4 dxe4 14. Nxe4 Nxe4 15. Bxe4 f5 16. Bxc6 Bxc6 17. O-O Bxf3 18. Qxf3 Rfc8 19.
c4 Rd8 20. Rad1 g6 21. Rfe1 Re8 22. Re5 Rad8 23. Qe3 Qb6 24. b4 Qxb4 25. Rxe6 Rf8 26. Qe2 a5 27. d5 a4 28. Re7 Rf6 29.
Rc7 a3 30. c5 Qe4 31. Qa2 Rf7 32. d6 Qe8 33. Rxb7 Rdd7 1-0

[Event "2025 Chess.com Botwinnik Rapid toernooi"]
[Site "Zoetermeer, Netherlands"]
[Date "????.??.??"]
[Round "1.3"]
[White "Noordkamp, Wouter"]
[Black "Van der Werf, Mark"]
[Result "0-1"]
[TimeControl "15+5"]
[BlackTitle "IM"]
[WhiteFideId "7040572"]
[BlackFideId "7263685"]
[WhiteElo "1973"]
[BlackElo "2413"]

1. e4 e5 2. Nf3 Nc6 3. Bb5 a6 4. Ba4 Nf6 5. Qe2 b5 6. Bb3 Bc5 7. c3 O-O 8. O-O d6 9. Rd1 Bb6 10.
h3 Re8 11. d3 h6 12. Nbd2 Na5 13. Bc2 c5 14. Nf1 Nc6 15. Ng3 d5 16. exd5 Nxd5 17. a4 b4 18. Bd2 Bb7 19. Nh2 Nf4 20.
Qg4 Qg5 21. Qxg5 hxg5 22. Ne4 Rad8 23. Be3 bxc3 24. bxc3 Na5 25. Bxc5 Bxc5 26. Nxc5 Ne2+ 27. Kf1 Nxc3 28. Nxb7 Nxb7 29.
Re1 Nc5 30. Ra3 Nd5 31. Nf3 Nb4 32. Rc3 Nxc2 33. Rxc2 Nxd3 34. Rb1 e4 35. Nxg5 f6 36. Rc7 Nf4 37. g3 Nd5 38. Ra7 fxg5 39.
Rbb7 Nf6 40. Rxg7+ Kh8 41. Rxg5 Re6 42. Rgg7 Red6 43. g4 R8d7 44. Rgxd7 Nxd7 45. Ke2 Nc5 46. Ke3 Re6 47. Rc7 Nxa4 48. Rc4 Nb2 49. Rb4 Nd1+ 50.
Ke2 Nc3+ 51. Kd2 Nd5 52. Rb7 Nf4 53. h4 Ng6 54. Rb3 Nxh4 55. Rh3 Rh6 56. Kc3 Kg7 57. Kb4 Nf3 58. Rg3 Rh2 59.
Ka5 Rxf2 60. Kxa6 e3 0-1

[Event "2025 Chess.com Botwinnik Rapid toernooi"]
[Site "Zoetermeer, Netherlands"]
[Date "????.??.??"]
[Round "1.4"]
[White "Van Vliet, Jeffrey"]
[Black "Meulmeester, Luuk"]
[Result "1-0"]
[TimeControl "15+5"]
[WhiteTitle "FM"]
[WhiteFideId "7890839"]
[BlackFideId "9068642"]
[WhiteElo "2387"]
[BlackElo "1970"]

1. e4 c6 2. d4 d5 3. exd5 cxd5 4. Bd3 Nc6 5. c3 Nf6 6. h3 e6 7. Bf4 Bd6 8. Bxd6 Qxd6 9. Nf3 O-O 10. Qe2 a6 11. a4 Bd7 12. O-O Rac8 13. Nbd2 Ne7 14.
Nb3 Ng6 15. g3 Nh5 16. Ne5 Nf6 17. f4 Qb6 18. Nc5 Rxc5 19. dxc5 Qxc5+ 20. Qf2 Qxf2+ 21. Kxf2 Nxe5 22. fxe5 Ne8 23. Ke3 g6 24. Kd4 Nc7 25.
Rf4 Rc8 26. h4 Na8 27. h5 Nb6 28. b3 g5 29. Rf6 Kg7 30. h6+ Kg8 31. a5 1-0

[Event "2025 Chess.com Botwinnik Rapid toernooi"]
[Site "Zoetermeer, Netherlands"]
[Date "????.??.??"]
[Round "1.5"]
[White "De Freytas, Paul"]
[Black "Tjiam, Dharma"]
[Result "0-1"]
[TimeControl "15+5"]
[BlackTitle "IM"]
[WhiteFideId "7393705"]
[BlackFideId "6383751"]
[WhiteElo "1966"]
[BlackElo "2364"]

1. d4 Nf6 2. Nf3 e6 3. g3 c5 4. Bg2 Nc6 5. O-O d5 6. c4 Be7 7. cxd5 exd5 8. Nc3 O-O 9. a3 cxd4 10.
Nxd4 Bg4 11. h3 Be6 12. b4 Ne5 13. Nxe6 fxe6 14. e4 Rc8 15. Qb3 Qc7 16. exd5 Qxc3 17. Qxc3 Rxc3 18. Bb2 Nf3+ 19.
Kh1 Rb3 20. Bxf3 Rxf3 21. dxe6 Ne4 22. Bd4 Nxg3+ 23. Kg2 Nxf1 0-1

[Event "2025 Chess.com Botwinnik Rapid toernooi"]
[Site "Zoetermeer, Netherlands"]
[Date "????.??.??"]
[Round "1.6"]
[White "Smeets, Kobe"]
[Black "Landman, Renzo"]
[Result "1-0"]
[TimeControl "15+5"]
[WhiteTitle "FM"]
[WhiteFideId "8659420"]
[BlackFideId "9042572"]
[WhiteElo "2364"]
[BlackElo "1958"]

1. e4 e5 2. Nf3 Nc6 3. Bb5 a6 4. Ba4 Nf6 5. O-O Be7 6. Bxc6 dxc6 7. Qe1 O-O 8. Nxe5 Bd6 9. Nc4 Re8 10.
d3 h6 11. Nxd6 cxd6 12. Nc3 Be6 13. f4 Qc7 14. Qh4 Qe7 15. Rf3 Nh7 16. Qg3 Kh8 17. Be3 b5 18. Raf1 f6 19. Ne2 c5 20.
h4 Rac8 21. f5 Bg8 22. Nf4 Nf8 23. h5 Rc7 24. Qh4 a5 25. b3 Qe5 26. Ng6+ Nxg6 27. hxg6 1-0

[Event "2025 Chess.com Botwinnik Rapid toernooi"]
[Site "Zoetermeer, Netherlands"]
[Date "????.??.??"]
[Round "1.8"]
[White "Tjin a Lien, Jie-Ren"]
[Black "Van Capelleveen, Jan Willem"]
[Result "1-0"]
[TimeControl "15+5"]
[WhiteFideId "8636155"]
[BlackFideId "9028778"]
[WhiteElo "1846"]
[BlackElo "1582"]

1. d4 d5 2. Bf4 c6 3. e3 Bf5 4. c4 e6 5. Nf3 Nf6 6. Nc3 Be7 7. Be2 O-O 8. O-O Nbd7 9. Rc1 Ne4 10.
cxd5 cxd5 11. Nxe4 Bxe4 12. Qb3 b6 13. Rc7 Nf6 14. Rfc1 Bd6 15. Bxd6 Qxd6 16. R1c6 Qd8 17. Qa4 Ne8 18.
Rxa7 Rc8 19. Ne5 Nf6 20. f3 Bf5 21. Ra6 Nd7 22. Nxd7 Qxd7 23. Raxb6 Qe7 24. Rxc8 Rxc8 25. Qb4 Qc7 26.
Qc5 g6 27. Qxc7 Rxc7 28. g4 Bb1 29. a4 Kg7 30. a5 Ba2 31. a6 Ra7 32. Rb7 Ra8 33. a7 Bc4 34. Bxc4 dxc4 35. Kf2 Kf8 36.
Ke2 Ke8 37. Kd2 Kd8 38. Rxf7 h6 39. Rf8+ Ke7 1-0

[Event "2025 Chess.com Botwinnik Rapid toernooi"]
[Site "Zoetermeer, Netherlands"]
[Date "????.??.??"]
[Round "2.1"]
[White "Vrolijk, Liam"]
[Black "Albertus, Bram"]
[Result "0-1"]
[TimeControl "15+5"]
[WhiteTitle "GM"]
[WhiteFideId "8428871"]
[BlackFideId "8438727"]
[WhiteElo "2510"]
[BlackElo "2068"]

1. Nf3 d5 2. g3 Nf6 3. Bg2 Bf5 4. O-O e6 5. c4 c6 6.
Qb3 Qb6 7. d3 Nbd7 8. cxd5 exd5 9. Qc2 Be7 10. Nc3 O-O 11. e4 dxe4 12. dxe4 Bg6 13. Be3 Qa5 14. h3 Bc5 15. Bd2 Qc7 16. Nh4 Qxg3 17. Nxg6 Qxg6 18. Ne2 Nh5 19. Kh1 Bb6 20. f4 Rfe8 21. Rae1 Rad8 22. Bc3 Nc5 23. f5 Ng3+ 24. Nxg3 Qxg3 25. Rf3 Qh4 26. e5 a5 27. Ref1 Qe4 28. Qc1 Rd3 29. Rg3 Qh4 30. Be1 Rxg3 31. Qd1 0-1

[Event "2025 Chess.com Botwinnik Rapid toernooi"]
[Site "Zoetermeer, Netherlands"]
[Date "????.??.??"]
[Round "2.2"]
[White "Kronemeijer, Simon"]
[Black "Lai, Hing Ting"]
[Result "0-1"]
[TimeControl "15+5"]
[BlackTitle "IM"]
[WhiteFideId "7153960"]
[BlackFideId "8324987"]
[WhiteElo "2059"]
[BlackElo "2484"]

1. e4 c6 2. d4 d5 3. Nc3 a6 4. Be2 dxe4 5. Nxe4 Bf5 6. Ng3 Bg6 7. Nf3 Nd7 8. O-O Ngf6 9. c3 e6 10.
Re1 Be7 11. Bf4 O-O 12. Nh4 b5 13. Nxg6 hxg6 14. a4 Qb6 15. axb5 axb5 16. Qc2 Rac8 17. Be3 Qb8 18. Qb3 Bd6 19.
Bf3 Nb6 20. Ra6 Nfd5 21. Rea1 Nxe3 22. fxe3 Bxg3 23. hxg3 Nc4 24.
Kf2 Qd6 25. e4 e5 26. Rd1 Ra8 27. Rxa8 Rxa8 28. d5 Qc5+ 29. Ke2 Qe3+ 30. Kf1 Ra1 0-1

[Event "2025 Chess.com Botwinnik Rapid toernooi"]
[Site "Zoetermeer, Netherlands"]
[Date "????.??.??"]
[Round "2.3"]
[White "Van der Werf, Mark"]
[Black "Leorato, Imanol"]
[Result "1-0"]
[TimeControl "15+5"]
[WhiteTitle "IM"]
[WhiteFideId "7263685"]
[BlackFideId "8930031"]
[WhiteElo "2413"]
[BlackElo "2041"]

1. d4 Nf6 2. c4 e6 3. Nc3 Bb4 4. e3 c5 5. Nge2 cxd4 6. exd4 O-O 7. a3 Be7 8. d5 d6 9. Ng3 exd5 10.
cxd5 Re8 11. Be2 Nbd7 12. O-O Ne5 13. Be3 Bf8 14. h3 g6 15. Qd2 Bg7 16. Rac1 a6 17. Bd4 h5 18. f4 Ned7 19.
Bf3 b6 20. Nge4 Nxe4 21. Nxe4 Nc5 22. Bxg7 Kxg7 23. Qd4+ f6 24. Rc3 Bf5 25. Nf2 Rc8 26. Rfc1 Qe7 27. g4 hxg4 28. hxg4 Bd7 29. g5 Kf7 30. Ng4 Bxg4 31.
Bxg4 f5 32. Bf3 Rb8 33. b4 Rec8 34. bxc5 bxc5 35. Qe3 Rb2 36. Qxe7+ Kxe7 37. Re1+ Kd7 38. Re2 Rb1+ 39. Kf2 Rh8 40. Rce3 Rh4 41. Re7+ Kc8 42. Rg7 Rb3 43. Re8# 1-0

[Event "2025 Chess.com Botwinnik Rapid toernooi"]
[Site "Zoetermeer, Netherlands"]
[Date "????.??.??"]
[Round "2.4"]
[White "Habig, Bryan"]
[Black "Van Vliet, Jeffrey"]
[Result "0-1"]
[TimeControl "15+5"]
[BlackTitle "FM"]
[WhiteFideId "8490900"]
[BlackFideId "7890839"]
[WhiteElo "2040"]
[BlackElo "2387"]

1. c4 d6 2. Nc3 g6 3. e4 Bg7 4. d4 Nc6 5. Be3 e5 6. Nge2 Nf6 7. f3 O-O 8. Qd2 exd4 9. Nxd4 Re8 10.
Be2 Bd7 11. O-O a6 12. Rad1 Ne5 13. Bg5 Qc8 14. Kh1 Nc6 15. Nc2 b5 16. cxb5 axb5 17. Bxb5 Qb7 18. Bxc6 Bxc6 19. Nd4 Bd7 20.
Rc1 Reb8 21. Nb3 Be6 22. Qc2 Ne8 23. h4 h6 24. Be3 Bxb3 25. axb3 Qxb3 26. Nd5 Bxb2 27. Qxb3 Rxb3 28. Rb1 Kh7 29.
Rf2 Rab8 30. Rc2 c5 31. Rd1 Be5 32. Bf4 Rb1 33. Rcd2 Bd4 34. Kh2 Rxd1 35. Rxd1 Kg7 36. Be3 Bxe3 37. Nxe3 Kf6 38. f4 Ke6 39.
Kg3 Nf6 40. Kf3 Rb3 41. Ra1 h5 42. f5+ Ke5 43. fxg6 Ng4 44. Re1 fxg6 45. g3 Rd3 46. Re2 0-1

[Event "2025 Chess.com Botwinnik Rapid toernooi"]
[Site "Zoetermeer, Netherlands"]
[Date "????.??.??"]
[Round "2.5"]
[White "Tjiam, Dharma"]
[Black "Oranje, Richard"]
[Result "1-0"]
[TimeControl "15+5"]
[WhiteTitle "IM"]
[WhiteFideId "6383751"]
[BlackFideId "7353753"]
[WhiteElo "2364"]
[BlackElo "2025"]

1. d4 f5 2. Nc3 d5 3. Bf4 c6 4. e3 Nf6 5. Nf3 e6 6. h3 Bb4 7. Bd3 Qa5 8. O-O O-O 9. Ne2 Be7 10.
c4 Qd8 11. Rb1 Ne4 12. b4 Nd7 13. b5 g5 14. Bh2 Qe8 15. bxc6 bxc6 16. Ne5 Nxe5 17. Bxe5 Bd6 18. Bxd6 Nxd6 19.
c5 Nf7 20. f4 g4 21. hxg4 Nh6 22. g5 Ng4 23. Rf3 h6 24. gxh6 Rf6 25. Rh3 Rxh6 26. Rxh6 Nxh6 27. Ng3 Ng4 28.
Nf1 a5 29. Be2 Nf6 30. Qe1 Qg6 31.
Qg3 Qxg3 32. Nxg3 Kf7 33. Nf1 Ke7 34. Nd2 Kd7 35. Nf3 Kc7 36. Ne5 Ba6 37. Bd1 Ne4 38. Rb6 Nc3 39. Rxc6+ Kb7 40. Rb6+ Kc7 41. Bc2 Nxa2 42.
Rxe6 Nc3 43. Re7+ 1-0

[Event "2025 Chess.com Botwinnik Rapid toernooi"]
[Site "Zoetermeer, Netherlands"]
[Date "????.??.??"]
[Round "2.6"]
[White "Wiersma, Camiel"]
[Black "Smeets, Kobe"]
[Result "0-1"]
[TimeControl "15+5"]
[BlackTitle "FM"]
[WhiteFideId "8696897"]
[BlackFideId "8659420"]
[WhiteElo "2030"]
[BlackElo "2364"]

1. e4 e5 2. Bc4 Nf6 3. Nc3 Bc5 4. d3 c6 5. Bg5 h6 6. Bxf6 Qxf6 7. Nf3 d6 8. h3 a5 9. a4 g5 10. Qd2 Nd7 11. O-O-O Bb4 12. d4 exd4 13. Qxd4 Qxd4 14.
Rxd4 Ke7 15. Rhd1 Rd8 16. R4d2 Nc5 17. Re2 Bxc3 18. bxc3 Nxa4 19. Kd2 Nb2 0-1

[Event "2025 Chess.com Botwinnik Rapid toernooi"]
[Site "Zoetermeer, Netherlands"]
[Date "????.??.??"]
[Round "2.7"]
[White "Witte, Phoebe"]
[Black "Wagner, Andr"]
[Result "0-1"]
[TimeControl "15+5"]
[WhiteFideId "8956794"]
[BlackFideId "7460365"]
[WhiteElo "1615"]
[BlackElo "1802"]

1. e4 e5 2. Nf3 Nc6 3. Bb5 a6 4. Ba4 Nf6 5. d3 b5 6. Bb3 d6 7. h3 Be7 8. c3 O-O 9. O-O Na5 10.
Bc2 c5 11. Nbd2 Nc6 12. Re1 b4 13. Nf1 Re8 14. Ng3 Bf8 15. d4 Qc7 16. Be3 c4 17. Bg5 Be7 18. Nf5 Bxf5 19. exf5 exd4 20.
Nxd4 h6 21. Bh4 bxc3 22. bxc3 Nd5 23.
Bxe7 Ncxe7 24. Qf3 Qa5 25. Qg3 Qxc3 26. Qxc3 Nxc3 27. Rac1 Nxa2 28. Rb1 0-1

[Event "2025 Chess.com Botwinnik Rapid toernooi"]
[Site "Zoetermeer, Netherlands"]
[Date "????.??.??"]
[Round "2.8"]
[White "Overmeer, Henk"]
[Black "Tjin a Lien, Jie-Ren"]
[Result "0-1"]
[TimeControl "15+5"]
[WhiteFideId "7058007"]
[BlackFideId "8636155"]
[WhiteElo "1717"]
[BlackElo "1846"]

1. d4 Nf6 2. Nf3 b6 3. Bf4 Bb7 4. e3 d6 5. Be2 g6 6. h3 Bg7 7. c4 O-O 8. Nc3 d5 9. cxd5 Nxd5 10.
Nxd5 Qxd5 11. O-O c6 12. b3 b5 13. Rc1 Nd7 14.
Nd2 e5 15. Bf3 Qe6 16. dxe5 Nxe5 17. Bxe5 Bxe5 18. Ne4 Qe7 19. Nc5 Rfd8 20. Qc2 Rac8 21. Kh1 Ba8 22. b4 h5 23. a3 Qf6 24. Rcd1 Kh8 25. Nd7 Qe6 26.
Nxe5 Qxe5 27. Rxd8+ Rxd8 28. Rd1 Rc8 29. Qc5 Qe6 30. Rd6 Qe8 31. Qc3+ Kh7 32. h4 Qe7 33. Rf6 c5 34. Bxa8 Rxa8 35.
g3 Rc8 36. Qb2 c4 37. Qd4 0-1

[Event "2025 Chess.com Botwinnik Rapid toernooi"]
[Site "Zoetermeer, Netherlands"]
[Date "????.??.??"]
[Round "3.1"]
[White "Lai, Hing Ting"]
[Black "Grooten, Herman"]
[Result "1-0"]
[TimeControl "15+5"]
[WhiteTitle "IM"]
[BlackTitle "IM"]
[WhiteFideId "8324987"]
[BlackFideId "7375115"]
[WhiteElo "2484"]
[BlackElo "2157"]

1. d4 Nf6 2. Nf3 e6 3. Bf4 b6 4. c4 Bb7 5. e3 Ne4 6. Bd3 f5 7. O-O Be7 8. Nbd2 O-O 9. h3 d6 10. Qc2 Nxd2 11. Nxd2 Nd7 12. Bh2 Qe8 13. f3 Qh5 14. Rae1 e5 15. d5 a5 16. f4 e4 17. Be2 Qh6 18. Rf2 Bc8 19. Nb1 Nc5 20. Nc3 Bd7 21. b3 Bf6 22. a3 g6 23. Nb5 Bxb5 24. cxb5 Qg7 25. Rb1 Rfe8 26. g4 Qf7 27. Rg2 Kf8 28. Bc4 Bh8 29. Bg3 Qf6 30. Be1 Ke7 31. Kh2 Kd7 32. b4 axb4 33. axb4 Nd3 34. Bxd3 exd3 35. Qc6+ Ke7 36. gxf5 Kf8 37. fxg6 Rxe3 38. Qxa8+ 1-0

[Event "2025 Chess.com Botwinnik Rapid toernooi"]
[Site "Zoetermeer, Netherlands"]
[Date "????.??.??"]
[Round "3.2"]
[White "Van der Werf, Joël"]
[Black "Van der Werf, Mark"]
[Result "1/2-1/2"]
[TimeControl "15+5"]
[BlackTitle "IM"]
[WhiteFideId "8301040"]
[BlackFideId "7263685"]
[WhiteElo "2113"]
[BlackElo "2413"]

1. e4 e5 2. Nf3 Nc6 3. Bb5 a6 4. Ba4 Nf6 5. O-O Be7 6. Re1 b5 7. Bb3 d6 8. c3 O-O 9. h3 Re8 10.
d4 Bb7 11. Nbd2 Bf8 12. a4 Na5 13. Bc2 exd4 14. cxd4 b4 15. b3 g6 16. Bb2 Bg7 17. Rb1 Rc8 18. Bd3 Nh5 19. g3 Nf6 20.
d5 c6 21. dxc6 Nxc6 22. Rc1 d5 23. exd5 Qxd5 24. Bc4 Qh5 25. Rxe8+ Rxe8 26. Qf1 Na5 27. Be2 Qd5 28. Bxa6 Bxa6 29.
Qxa6 Nxb3 30. Nxb3 Qxb3 31. Bxf6 Qxf3 32. Bxg7 Kxg7 33. Qb6 b3 34. Qd4+ Kg8 35. Rb1 Qe4 1/2-1/2

[Event "2025 Chess.com Botwinnik Rapid toernooi"]
[Site "Zoetermeer, Netherlands"]
[Date "????.??.??"]
[Round "3.4"]
[White "Makhmud, Adi"]
[Black "Tjiam, Dharma"]
[Result "1/2-1/2"]
[TimeControl "15+5"]
[BlackTitle "IM"]
[WhiteFideId "9078113"]
[BlackFideId "6383751"]
[WhiteElo "2076"]
[BlackElo "2364"]

1. e4 d6 2. d4 Nf6 3. Nc3 g6 4. Nf3 Bg7 5. Be2 O-O 6. h3 c6 7. a4 Qc7 8. Bf4 Nbd7 9. e5 Ne8 10. exd6 exd6 11. O-O Ndf6 12.
Re1 Bf5 13. Bd3 Qd7 14. d5 c5 15. Nb5 Bxd3 16. Qxd3 a6 17. Nc3 Nc7 18. Re2 b5 19. Rae1 Rfe8 20. axb5 axb5 21. Rxe8+ Rxe8 22.
Rxe8+ Nfxe8 23. Nd1 Nf6 24. c4 bxc4 25. Qxc4 Ncxd5 26. Bd2 h6 27. Nc3 Nc7 28. Ne1 Qe6 29. Qxe6 Nxe6 30. Nc2 d5 31.
b4 d4 32. Nb5 Ne4 33. Be1 d3 34. Ne3 d2 35. Bxd2 Nxd2 36. bxc5 Nxc5 37. Nc7 Nde4 38. Kf1 Nc3 39. Ne8 Kf8 40.
Nd6 Ke7 41. Ndc4 Ke6 42. g3 Nd3 43. Kg2 Bd4 44. Kf3 Ne5+ 45. Nxe5 Bxe5 46. Ng4 Bg7 47. Ne3 Nb5 48. Ke4 Nd6+ 49.
Kd3 h5 50. Ng2 Kd5 51. Ne3+ Ke5 52. f4+ Ke6 53. g4 f5 54. Ke2 Bd4 55. gxf5+ Nxf5 56. Ng2 Bf6 57. Kd3 Nd6 58. Ne1 Kf5 59.
Ke3 Bd8 60. Kf3 Bc7 61. Ng2 Nc4 62. Nh4+ Kf6 63. Ke4 Nd6+ 64. Kd5 Nf5 65. Ng2 Ng3 66. Kd4 Bb6+ 67. Kd3 Bf2 68. Nh4 Nf5 69. Ng2 Ke6 70. Ke4 Bb6 71. Ne1 Nd6+ 72. Kf3 Kf5 73. Ng2 Nc4 74. Nh4+ Kf6 75. Ng2 Bd8 76. Ke4 Nd6+ 77. Kf3 Nf5 78.
Ke4 Ke6 79. Ne1 Bf6 80. Ng2 Kd6 81.
Ne1 Kc5 82. Nd3+ Kc4 83. Ne5+ Bxe5 84. Kxe5 Kd3 85. Kf6 Nh4 86. Kg5 Ng2 87. f5 gxf5 88. Kxf5 Ke3 89. h4 Nf4 90. Ke5 Kf3 91. Kf5 Nd5 92. Kg5 Nf6 93. Kxf6 Kg4 94. Ke5 Kxh4 95. Kf4 1/2-1/2

[Event "2025 Chess.com Botwinnik Rapid toernooi"]
[Site "Zoetermeer, Netherlands"]
[Date "????.??.??"]
[Round "3.5"]
[White "Smeets, Kobe"]
[Black "Albertus, Bram"]
[Result "1-0"]
[TimeControl "15+5"]
[WhiteTitle "FM"]
[WhiteFideId "8659420"]
[BlackFideId "8438727"]
[WhiteElo "2364"]
[BlackElo "2068"]

1. e4 c6 2. Nc3 d5 3. Nf3 Bg4 4. h3 Bxf3 5. Qxf3 e6 6. d4 Nf6 7. Be2 dxe4 8. Qe3 Nbd7 9. Nxe4 Nxe4 10. Qxe4 Nf6 11. Qd3 Bd6 12. O-O O-O 13. Rd1 Qc7 14. Qf3 e5 15. Bg5 Nd5 16. Bc4 Nb6 17. Bb3 exd4 18. Rxd4 Be5 19. Rh4 g6 20. Re1 Rae8 21.
Rhe4 Bh2+ 22. Kh1 Rxe4 23. Qxe4 Nd5 24. Bh6 Nf6 25. Qe7 1-0

[Event "2025 Chess.com Botwinnik Rapid toernooi"]
[Site "Zoetermeer, Netherlands"]
[Date "????.??.??"]
[Round "3.6"]
[White "Grochal, Joey"]
[Black "Li-Behn, Tobias"]
[Result "1/2-1/2"]
[TimeControl "15+5"]
[WhiteTitle "FM"]
[WhiteFideId "7926875"]
[BlackFideId "8747783"]
[WhiteElo "2272"]
[BlackElo "1992"]

1. d4 f5 2. c4 Nf6 3. Nf3 e6 4.
a3 d5 5.
Nc3 c6 6. Bf4 Bd6 7. e3 O-O 8. Ne5 Qe7 9. Bd3 b6 10. h3 Nfd7 11. cxd5 Bxe5 12. dxe5 exd5 13. Bc2 Bb7 14. g4 Nxe5 15.
gxf5 Rd8 16. Qh5 Qe8 17. Qxe8+ Rxe8 18. O-O-O Na6 19. e4 Rad8 20. exd5 cxd5 21. Rhe1 Nf7 22. Rxe8+ Rxe8 23. Nxd5 Nc5 24.
b4 Ne4 25. Nc7 Re7 26. Bb3 g5 27. fxg6 hxg6 28. Re1 Rd7 29. f3 Nf2 30. Re8+ Kg7 31. Ne6+ Kf6 32. Bd2 Nd3+ 33. Kb1 Bxf3 34.
Bc3+ Nde5 35. Nd4 Be4+ 36. Ka2 Re7 37. Rxe7 Kxe7 38. Nb5 a6 39. Nc7 Nd3 40. Nd5+ Bxd5 41. Bxd5 Nf4 42. Bb7 a5 43. bxa5 bxa5 44. Bxa5 Nxh3 45. Bb6 1/2-1/2

[Event "2025 Chess.com Botwinnik Rapid toernooi"]
[Site "Zoetermeer, Netherlands"]
[Date "????.??.??"]
[Round "3.7"]
[White "Gloudemans, Luuk"]
[Black "Witte, Phoebe"]
[Result "1-0"]
[TimeControl "15+5"]
[WhiteFideId "8026282"]
[BlackFideId "8956794"]
[WhiteElo "1785"]
[BlackElo "1615"]

1. d3 Nf6 2. e4 d6 3. Nf3 e6 4. c3 d5 5. Nbd2 Nbd7 6. Qc2 dxe4 7. dxe4 Be7 8. Be2 e5 9. Nf1 b6 10.
Ng3 Bb7 11. O-O O-O 12. h3 Nc5 13. Nd2 Bd6 14. b4 Ne6 15. Nc4 Nf4 16. Bf3 Rb8 17. Bxf4 exf4 18. Nf5 Re8 19. Rfe1 g6 20.
Nfxd6 cxd6 21. Rad1 Qe7 22. Nxd6 Red8 23. Nxb7 Rxb7 24. Rxd8+ Qxd8 25. e5 Nd5 26. Rd1 Rd7 27. Bg4 Re7 28.
Qe4 f5 29. Qc4 Kg7 30. Rxd5 Qg8 31. Qc6 Qf7 32. Bf3 Rc7 33. e6 Qe7 34. Qxc7 Qxc7 35. Rd7+ Qxd7 36. exd7 1-0

[Event "2025 Chess.com Botwinnik Rapid toernooi"]
[Site "Zoetermeer, Netherlands"]
[Date "????.??.??"]
[Round "3.8"]
[White "Tjin a Lien, Jie-Ren"]
[Black "Brouwer, Cor"]
[Result "1/2-1/2"]
[TimeControl "15+5"]
[WhiteFideId "8636155"]
[BlackFideId "7356514"]
[WhiteElo "1846"]
[BlackElo "1723"]

1. e4 e5 2. Nf3 d6 3.
Bc4 Be7 4. d3 h6 5. a4 Nf6 6. c3 O-O 7. h3 c5 8. O-O Nc6 9. Re1 Bd7 10. Nbd2 Kh7 11. Nf1 g6 12. Ng3 Be6 13.
Bxe6 fxe6 14. d4 Ng8 15. dxe5 dxe5 16. Qxd8 Raxd8 17. Be3 b6 18. Red1 Nf6 19. Kf1 Kg7 20. Ke2 Rxd1 21. Rxd1 Rd8 22.
Rxd8 Bxd8 23. Kd3 Bc7 24. Kc4 a6 25. Ne2 Nxe4 26. Kd3 Nd6 27. Ng3 c4+ 28. Kc2 e4 29. Nd2 b5 30. axb5 axb5 31.
Ngxe4 Nxe4 32. Nxe4 g5 33. b3 Kg6 34. bxc4 bxc4 35. Nd2 Na5 36. Bd4 h5 37. g4 hxg4 38. hxg4 Bf4 39. Bb6 Bxd2 40.
Kxd2 Nc6 41. Bd4 e5 42. Bc5 Kf6 43. Ke3 Ke6 44. Ke4 Na5 45. Bb4 Nc6 46. Ba3 Nd8 47. Bc1 Nf7 48. Be3 Nd6+ 49.
Kf3 Kf6 50. Bc5 Nb7 51. Bb6 Nd6 52. Bc7 Nb5 53. Ba5 Nd6 54. Ke3 Ke6 55. Bd8 Nf7 56. Bc7 Kd5 57. f3 Nh6 58. Bd8 Nf7 59. Ke4+ Ke6 60. Ke3
Kd5 1/2-1/2

[Event "2025 Chess.com Botwinnik Rapid toernooi"]
[Site "Zoetermeer, Netherlands"]
[Date "????.??.??"]
[Round "4.1"]
[White "Smeets, Kobe"]
[Black "Lai, Hing Ting"]
[Result "0-1"]
[TimeControl "15+5"]
[WhiteTitle "FM"]
[BlackTitle "IM"]
[WhiteFideId "8659420"]
[BlackFideId "8324987"]
[WhiteElo "2364"]
[BlackElo "2484"]

1. e4 c6 2. Nc3 d5 3. d4 a6 4. Nf3 Bg4 5. h3 Bh5 6. Be2 e6 7. O-O Nf6 8. e5 Nfd7 9. Bg5 Be7 10. Bxe7 Qxe7 11. Qd2 c5 12.
dxc5 Bxf3 13. Bxf3 Qxc5 14. Rfe1 Nc6 15. Qg5 O-O 16. Qg3 b5 17. Rad1 Nb6 18. a3 Nd4 19. Rc1 Nc4 20. Nd1 Nd2 21. Ne3 f5 22. exf6 N2xf3+ 23. gxf3 Rxf6 24. Ng4 Rg6 25. b4 Qc3 26. Re3 Qxe3 27. Nxe3 Rxg3+ 28. fxg3 0-1

[Event "2025 Chess.com Botwinnik Rapid toernooi"]
[Site "Zoetermeer, Netherlands"]
[Date "????.??.??"]
[Round "4.2"]
[White "Grooten, Tommy"]
[Black "Van Vliet, Jeffrey"]
[Result "0-1"]
[TimeControl "15+5"]
[BlackTitle "FM"]
[WhiteFideId "8673632"]
[BlackFideId "7890839"]
[WhiteElo "2209"]
[BlackElo "2387"]

1. d4 d6 2. Nf3 g6 3. c4 Bg7 4. e4 Nc6 5. Be3 Bg4 6. Be2 Bxf3 7. Bxf3 e5 8. d5 Nd4 9. Bxd4 exd4 10.
O-O Ne7 11. Nd2 c5 12. Be2 O-O 13. Bd3 Qd7 14. Qc2 a6 15. a4 Rae8 16. Rae1 g5 17. e5 Bxe5 18. Bxh7+ Kg7 19. Ne4 Qg4 20.
Ng3 Rh8 21. Bf5 Qh4 22. Bh3 Kf8 23. Qe4 Bxg3 24. fxg3 Qxe4 25. Rxe4 Ng6 26. Be6 Re7 27. Rg4 Kg7 28. Bf5 f6 29. Bxg6 Kxg6 30. h4 Kh5 0-1

[Event "2025 Chess.com Botwinnik Rapid toernooi"]
[Site "Zoetermeer, Netherlands"]
[Date "????.??.??"]
[Round "4.3"]
[White "Van der Werf, Mark"]
[Black "Smit, Manuel"]
[Result "0-1"]
[TimeControl "15+5"]
[WhiteTitle "IM"]
[WhiteFideId "7263685"]
[BlackFideId "7689517"]
[WhiteElo "2413"]
[BlackElo "2016"]

1. d4 e6 2. c4 b6 3. Nc3 Bb7 4. a3 f5 5. d5 Nf6 6. g3 e5 7. Nf3 d6 8. e4 fxe4 9. Ng5 Bc8 10.
Bg2 Be7 11. O-O O-O 12. Qc2 h6 13. Ngxe4 Nbd7 14. Bd2 Nxe4 15. Bxe4 Nf6 16. Bf5 Bxf5 17. Qxf5 Qd7 18. Qe6+ Qxe6 19.
dxe6 c6 20. f4 e4 21. f5 d5 22. cxd5 cxd5 23. Be3 Bc5 24.
Bxc5 bxc5 25. Rad1 d4 26. Nb5 Rab8 27. Nd6 Rxb2 28. e7 Rfb8 29. Rfe1 e3 30. Nc4 Kf7 31. Ne5+ Kxe7 32. Nc6+ Kf7 33. Nxb8 Rxb8 34. Kg2 Rb2+ 35. Kh3 Ne4 36.
Kg4 Nf2+ 37. Kf4 Nxd1 38. Rxd1 Ke7 39. Ke4 Kd6 40. h4 Rg2 41. Kf4 Kd5 42. g4 c4 43. g5 hxg5+ 44. hxg5 Rf2+ 45. Kg4 Ke4 0-1

[Event "2025 Chess.com Botwinnik Rapid toernooi"]
[Site "Zoetermeer, Netherlands"]
[Date "????.??.??"]
[Round "4.4"]
[White "Tjiam, Dharma"]
[Black "Schrik, Rachid"]
[Result "1-0"]
[TimeControl "15+5"]
[WhiteTitle "IM"]
[BlackTitle "CM"]
[WhiteFideId "6383751"]
[BlackFideId "7623528"]
[WhiteElo "2364"]
[BlackElo "2087"]

1. d4 Nf6 2. c4 e6 3. Nc3 Bb4 4. e3 O-O 5. Bd3 d5 6. Nge2 c5 7. a3 Bxc3+ 8. bxc3 Nc6 9. cxd5 exd5 10.
O-O c4 11. Bb1 Na5 12. Ng3 Nb3 13. Ra2 Re8 14. Re2 Nxc1 15. Qxc1 a5 16. f3 b5 17. e4 dxe4 18. fxe4 b4 19.
Ref2 bxc3 20. Rxf6 gxf6 21. Qh6 Qxd4+ 22. Kh1 f5 23. exf5 Qg7 24. Qc6 Ba6 25. Nh5 Rec8 26. Qd6 Rd8 27.
Qf4 Rd4 28. Qe3 Qh8 29. Qh6 1-0